 Dungeon Crawl Stone Soup version 0.29-a0-872-g797fff5ad1 (webtiles) character file.

Game seed: 13332530199446596436

7 spaghetti the Trooper (level 2, 23/25 HPs)
             Began as a Djinni Chaos Knight on July 19, 2022.
             Was a Plaything of Xom.
             Quit the game on level 1 of the Dungeon.
             The game lasted 00:00:30 (393 turns).

spaghetti the Trooper (Djinni Chaos Knight)          Turns: 393, Time: 00:00:31

Health: 23/25      AC:  6    Str: 11    XL:     2   Next: 5%
Gold:   0          EV: 12    Int: 13    God:    Xom [....*.] SH:  0 Dex: 12

rFire   + + .      SeeInvis .   a - +0 falchion (chaos) {long}
rCold   x . .      Faith    .   (no shield)
rNeg    . . .      Spirit   .   b - +2 leather armour
rPois   ∞          Reflect  .   (no helmet)
rElec   .          Harm     .   (no cloak)
rCorr   .          Rampage  .   f - +0 pair of gloves
Will    .....                   (boots unavailable)
Stlth   +.........              (no amulet)
HPRegen 0.08/turn               (no ring)
MPRegen 0.00/turn               (no ring)

@: flying
A: sickness immunity, fire resistance 2, cold vulnerability 1, float, innate
caster, HP casting, extra vitality 1
a: Renounce Religion


You were on level 1 of the Dungeon.
You worshipped Xom.
You were a beloved toy of Xom.
You visited 1 branch of the dungeon, and saw 1 of its levels.


Innate Abilities, Weirdness & Mutations

You are immune to sickness and miasma.
You are immune to poison.
Your flesh is very heat resistant. (rF++)
You are vulnerable to cold. (rC-)
You float through the air rather than walking.
You learn spells naturally, not from books.
Your magical power is your life essence.
You have superior vitality. (+4 MHP)


   Skills:
 + Level 3.1 Fighting
 + Level 2.8 Long Blades
 - Level 1.0 Armour
 + Level 2.4 Dodging


You had one spell level left.
You didn't know any spells.
Your spell library was empty.

Inventory:

Hand Weapons
 a - a +0 falchion of chaos (weapon) {long}
Missiles
 d - 3 poisoned darts {throwing}
Armour
 b - a +2 leather armour (worn)
 f - a +0 pair of gloves (worn)
   (You found it on level 1 of the Dungeon)
Scrolls
 e - a scroll of teleportation {unknown}
Miscellaneous
 c - a piece from Xom's chessboard (15/15) (quivered)

Dungeon Overview and Level Annotations

Branches:
Dungeon (1/15) Zot: 5605

Altars:

#.# ######## #...
.......### ..#
###...... ..#... #
#.##.## #.##..
#.#...###.##.#
#......##.##.#####.#
#......##.##..@l...#
#))....##.##.####### #
#.#...###.##.####
###.###.###.##.##.##
.#..........##.#...####
......................+
#....##.######.#...####
.##.###.####........#
##..#.....##.#.####.#


You could see a frilled lizard.


Message History

The goblin closely misses you. 😮 HP[-1]
You take 1 damage, and now have 15/20 hp.
You hit the goblin.
You kill the goblin!
The goblin hits you but does no damage. The goblin hits you with a +0 club.
Things that are here:
a +0 club {mace}; a goblin corpse You slash the goblin!
You burn the goblin.
You kill the goblin!
The endoplasm hits you but does no damage.
The endoplasm hits you.
Things that are here:
a +0 club {mace}; a goblin corpse; 😮 HP[-1]
You take 1 damage, and now have 14/20 hp.
You hit the endoplasm.
You kill the endoplasm!
Key pressed, stopping explore.
d - 3 poisoned darts {throwing} The book of Callings burns to shimmering ash in your grasp. 😎 HP[+6]
Your hp is fully restored (20).
Key pressed, stopping explore.
An endoplasm comes into view.
The endoplasm quivers.
The endoplasm jiggles.
The endoplasm freezes you.
You are frozen.
You feel a terrible chill!
You are too injured to fight recklessly! 😕 HP[-4]
You take 4 damage, and now have 16/20 hp.
You hit the endoplasm. You drain the endoplasm.
You kill the endoplasm!
You almost hear Xom's maniacal laughter.
Nothing appears to happen...
Ominous!
Key pressed, stopping explore.
Key pressed, stopping explore.
Unknown command. 😎 HP[+4]
Your hp is fully restored (20).
An endoplasm comes into view.
An endoplasm is nearby!
An endoplasm is nearby!
You slash the endoplasm! You freeze the endoplasm.
You kill the endoplasm!
You have reached level 2! 😎 HP[+5]
You now have 25 max hp (+5).
Your hp is fully restored (25).
Key pressed, stopping explore.
You reach down and open the door.
There is an open door here.
Key pressed, stopping explore.
Key pressed, stopping explore.
e - a scroll labelled URICIU DOJ TIN No target in view!
You see here a +0 pair of gloves.
f - a +0 pair of gloves You start putting on your armour.
You continue putting on your +0 pair of gloves. x4
You finish putting on your +0 pair of gloves.
You reach down and open the door.
There is an open door here.
Key pressed, stopping explore.
Key pressed, stopping explore.
Key pressed, stopping explore.
Xom almost notices you.
Nothing appears to happen...
Ominous!
You are now a beloved toy of Xom.
A frilled lizard comes into view.
The frilled lizard hisses angrily.
A frilled lizard is nearby!
A frilled lizard is nearby!
A frilled lizard is nearby!
The frilled lizard bites you.
You are too injured to fight recklessly!
You are too injured to fight recklessly! 😕 HP[-2]
You take 2 damage, and now have 23/25 hp.
You are too injured to fight recklessly!
You are too injured to fight recklessly!
You are too injured to fight recklessly!
You are too injured to fight recklessly!
You are too injured to fight recklessly!
You are too injured to fight recklessly!
You are too injured to fight recklessly!
A frilled lizard is nearby!
A frilled lizard is nearby!
A frilled lizard is nearby!
Saving game... please wait. 🤖 Initializing magus.rc ...
Options error: Delay interrupt name "hungry" not recognised. (~/.crawlrc:4761) Options error: Bad monster_list_colour key: strict_neutral (~/.crawlrc:4776) Bad channel name for runrest: 'pray:' ✅ Successfully initialized magus.rc [v1.9.6] Welcome back, spaghetti the Djinni Chaos Knight.
Xom titters.
Press ? for a list of commands and other information.
Are you sure you want to abandon this character and quit the game? (Confirm with "yes".)

Action                   || total
-------------------------++-------
Melee: Falchion          ||     7
Armor: Leather armour    ||     4
Dodge: Dodged            ||     2

Levels and vault maps discovered:
D:1:      minmay_arrival_diagonal_passages, layout_loops_corners,
          basic_ecumenical_altar, minmay_tromino_v4_c

Notes
Turn   | Place    | Note
-------+----------+-------------------------------------------
     0 | D:1      | spaghetti the Djinni Chaos Knight began the quest for the
                  | Orb.
     0 | D:1      | Reached XP level 1. HP: 20/20 MP: 0/0
     0 | D:1      | magus.rc [v1.9.6]
   190 | D:1      | XOM: silly message
   266 | D:1      | Reached XP level 2. HP: 25/25 MP: 0/0
   389 | D:1      | XOM: silly message
   393 | D:1      | magus.rc [v1.9.6]
   393 | D:1      | Quit the game

Vanquished Creatures
  3 endoplasms (D:1)
  2 goblins (D:1)
5 creatures vanquished.

Table legend:
 A = Non-vault XP
 B = Vault XP
 C = Vault XP percentage of total XP
 D = Non-vault monster count
 E = Vault monster count
 F = Vault count percentage of total count
                 A         B        C        D         E       F
            +---------+---------+-------+---------+---------+-------
      Total |      10 |       0 |   0.0 |       5 |       0 |   0.0
            +---------+---------+-------+---------+---------+-------
        D:1 |      10 |       0 |   0.0 |       5 |       0 |   0.0
            +---------+---------+-------+---------+---------+-------

Illustrated notes

Table legend:
 A = Kills in this place as a percentage of kills in entire the game.
 B = Kills by you in this place as a percentage of kills by you in the entire game.
 C = Kills by friends in this place as a percentage of kills by friends in the entire game.
 D = Other kills in this place as a percentage of other kills in the entire game.
 E = Experience gained in this place as a percentage of experience gained in the entire game.
 F = Experience gained in this place divided by the number of levels of this place that you have seen.
                   A       B       C       D       E      F
               +-------+-------+-------+-------+-------+----------------------
         Total | 100.0 | 100.0 |   N/A |   N/A | 100.0 |  10.0
       Dungeon | 100.0 | 100.0 |   N/A |   N/A | 100.0 |  10.0
               +-------+-------+-------+-------+-------+----------------------

Table legend: (Time is in decaauts)
 A = Elapsed time spent in this place.
 B = Non-inter-level travel time spent in this place.
 C = Inter-level travel time spent in this place.
 D = Time resting spent in this place.
 E = Time spent auto-exploring this place.
 F = Levels seen in this place.
 G = Mean time per level.
                   A        B        C        D        E       F      G
               +--------+--------+--------+--------+--------+-----+--------+
         Total |    394 |    394 |      0 |      0 |    352 |   1 |  394.0 |
       Dungeon |    394 |    394 |      0 |      0 |    352 |   1 |  394.0 |
               +--------+--------+--------+--------+--------+-----+--------+

Top non-repeatable levels by time:
     D:1: 394 daAuts
